AoeStats
← Toxic

Black Forest

510106987Analyzed
4v4 RM · 3d ago on Sep 29, 2026· 72m 30s· 8 players
Game mode
Random Map
Map size
Large (8 player)
Population
200
Speed
Normal
Resources
Standard
Victory
Conquest
Starting age
Dark Age
Ending age
Imperial Age
RankedLock teamsTeams togetherTeam positionsShared explorationLock speedFull tech treeHidden civsTurbo modeCheats
Victory
Defeat
🇦🇷 Persians · Argentina
847
+16
🇨🇱 Mongols · Chile
833
+16
🇪🇸 Malians · Spain
823
+17
🇪🇸 Sicilians · Spain
748
+20
🇮🇳 Varangians · India
869
-18
🇦🇷 Vietnamese · Argentina
836
-17
🇭🇰 Portuguese · Hong Kong SAR China
831
-17
🇨🇳 Teutons · China
826
-17
Brauliomagno
10:11 Loom
13:20 Feudal Age
14:36 Wheelbarrow
13:45 Horse Collar
13:51 Double-Bit Axe
13:53 Fishing Lines
15:18 Gold Mining
19:35 Castle Age
18:27 Stone Mining
20:42 Hand Cart
22:34 Bow Saw
23:45 Heavy Plow
26:14 Treadmill Crane
27:23 Crossbowman
27:58 Fletching
29:40 Gillnets
33:04 Imperial Age
31:48 Town Watch
32:06 Bodkin Arrow
32:11 Padded Archer Armor
32:45 Caravan
33:31 Thumb Ring
33:46 Leather Archer Armor
34:25 Stone Shaft Mining
33:18 Arbalester
34:32 Paper Money
35:29 Chemistry
34:51 Ballistics
35:59 Crop Rotation
36:33 Two-Man Saw
41:50 Elite Rattan Archer
44:46 Bracer
45:17 Ring Archer Armor
Smallfung
12:31 Feudal Age
16:42 Castle Age
16:17 Gold Mining
21:42 Imperial Age
19:56 Stone Mining
21:59 Treadmill Crane
22:40 Double-Bit Axe
26:53 Wheelbarrow
28:31 Hand Cart
28:02 Loom
28:02 Town Watch
29:21 Chemistry
28:10 Horse Collar
30:32 Bombard Tower
30:12 Murder Holes
30:14 Fletching
31:12 Bodkin Arrow
32:51 Bracer
33:05 Fortified Wall
33:07 Guilds
33:00 Town Patrol
34:30 Bow Saw
34:57 Stone Shaft Mining
34:24 Heavy Plow
34:45 Masonry
34:39 Scale Mail Armor
34:50 Forging
36:18 Chain Mail Armor
36:39 Iron Casting
36:57 Conscription
36:39 Arquebus
36:00 Elite Organ Gun
36:45 Circumnavigation
37:25 Plate Mail Armor
36:57 Man-at-Arms
37:22 Gambesons
37:23 Arson
37:38 Long Swordsman
42:45 Two-Handed Swordsman
44:01 Champion
46:06 Pikeman
47:48 Halberdier
53:56 Two-Man Saw
53:00 Padded Archer Armor
54:01 Blast Furnace
53:33 Architecture
53:09 Siege Engineers
53:26 Ballistics
chentao_1209
0:43 Loom
14:33 Feudal Age
20:22 Castle Age
18:19 Horse Collar
18:28 Double-Bit Axe
23:56 Wheelbarrow
24:16 Bow Saw
29:05 Hand Cart
32:29 Gold Mining
35:17 Imperial Age
32:49 Fishing Lines
34:07 Gillnets
34:48 Bloodlines
35:32 Scale Barding Armor
35:38 Forging
35:28 Cavalier
35:40 Man-at-Arms
36:05 Gambesons
36:21 Squires
36:07 Arson
36:35 Caravan
37:06 Coinage
36:58 Paladin
39:16 Chain Barding Armor
39:31 Iron Casting
42:15 Plate Barding Armor
42:41 Blast Furnace
46:12 Blast Furnace
46:36 Pikeman
48:00 Halberdier
50:47 Fortified Wall
Master
0:34 Loom
12:16 Feudal Age
20:40 Castle Age
18:56 Fishing Lines
21:35 Double-Bit Axe
24:28 Bow Saw
27:30 Gillnets
29:49 Wheelbarrow
33:49 Imperial Age
32:06 Hand Cart
31:45 Horse Collar
32:27 Scale Barding Armor
32:33 Forging
33:00 Heavy Plow
34:11 Town Watch
34:47 Chain Barding Armor
34:38 Forging
34:55 Conscription
34:00 Elite Jarl
35:59 Two-Man Saw
35:42 Crop Rotation
36:12 Plate Barding Armor
35:38 Capped Ram
37:02 Iron Casting
36:30 Capped Ram
37:23 Gold Mining
37:26 Stone Mining
37:54 Bloodlines
37:45 Husbandry
38:30 Caravan
38:08 Siege Ram
40:41 Blast Furnace
45:08 Siege Engineers
45:16 Masonry
47:54 Scale Mail Armor
47:19 Gothikon
47:21 Vendel Legacy
47:33 Elite Varangian Guard
47:59 Arson
48:14 Squires
47:59 Gambesons
51:18 Pikeman
52:22 Chain Mail Armor
53:33 Heavy Scorpion
55:22 Chemistry
54:43 Ballistics
54:54 Architecture
56:38 Plate Mail Armor
58:43 Halberdier
62:54 Town Patrol
64:38 Fletching
64:48 Padded Archer Armor
juan22-90
15:25 Feudal Age
21:05 Castle Age
19:15 Stone Mining
19:16 Double-Bit Axe
19:19 Horse Collar
19:58 Gold Mining
21:27 Fletching
21:49 Forging
21:41 Scale Mail Armor
24:27 Wheelbarrow
24:20 Heavy Plow
24:37 Bow Saw
26:27 Husbandry
26:57 Squires
26:44 Gambesons
26:47 Arson
28:26 Stone Shaft Mining
28:15 Bloodlines
30:43 Gold Shaft Mining
32:38 Caravan
36:20 Imperial Age
34:00 Bodkin Arrow
34:43 Ballistics
34:21 Murder Holes
36:03 Hand Cart
37:52 First Crusade
37:54 Conscription
36:56 Elite Serjeant
37:48 Scale Barding Armor
38:21 Iron Casting
38:04 Chain Mail Armor
39:19 Chemistry
38:21 Cavalier
40:34 Hauberk
41:06 Hoardings
42:59 Blast Furnace
42:31 Plate Mail Armor
43:26 Crop Rotation
45:29 Chain Barding Armor
45:12 Bracer
47:15 Plate Barding Armor
OvertChunk95
1:46 Loom
13:31 Feudal Age
18:42 Castle Age
16:41 Double-Bit Axe
17:08 Horse Collar
24:31 Wheelbarrow
24:19 Bow Saw
29:34 Caravan
30:45 Heavy Plow
34:18 Imperial Age
32:05 Gold Mining
32:10 Stone Mining
33:22 Hand Cart
34:33 Town Watch
35:05 Fortified Wall
35:21 Ballistics
34:54 Fletching
35:04 Padded Archer Armor
36:09 Gold Shaft Mining
35:42 Bodkin Arrow
35:59 Husbandry
36:10 Bloodlines
36:23 Conscription
37:24 Drill
37:29 Onager
38:46 Leather Archer Armor
40:24 Elite Mangudai
41:36 Siege Engineers
42:01 Bracer
42:34 Parthian Tactics
42:16 Thumb Ring
43:32 Capped Ram
45:34 Forging
45:31 Scale Barding Armor
44:50 Siege Ram
62:31 Light Cavalry
63:49 Iron Casting
63:36 Chain Barding Armor
68:38 Blast Furnace
67:01 Hussar
68:57 Nomads
jesusmorata89
2:43 Loom
13:02 Feudal Age
17:20 Castle Age
15:16 Stone Mining
15:21 Double-Bit Axe
15:40 Horse Collar
16:34 Gold Mining
16:41 Fletching
16:50 Town Watch
21:16 Gold Shaft Mining
20:45 Heavy Plow
23:07 Wheelbarrow
26:26 Bow Saw
27:02 Stone Shaft Mining
26:21 Arson
26:37 Squires
27:08 Forging
32:24 Imperial Age
30:36 Bodkin Arrow
30:45 Scale Mail Armor
31:05 Hand Cart
31:50 Fortified Wall
32:02 Ballistics
32:26 Iron Casting
32:20 Town Patrol
32:49 Chain Mail Armor
34:34 Chemistry
33:45 Masonry
34:52 Elite Gbeto
37:14 Plate Mail Armor
36:45 Murder Holes
37:21 Architecture
39:22 Conscription
39:37 Scale Barding Armor
40:10 Hoardings
42:02 Light Cavalry
42:52 Bloodlines
42:43 Husbandry
43:08 Chain Barding Armor
43:03 Treadmill Crane
44:52 Farimba
46:13 Plate Barding Armor
55:07 Crop Rotation
60:14 Tigui
Toxic
12:53 Feudal Age
17:04 Castle Age
15:07 Horse Collar
15:16 Double-Bit Axe
19:20 Bow Saw
29:47 Imperial Age
27:48 Husbandry
28:18 Heavy Plow
28:31 Scale Barding Armor
29:12 Forging
29:30 Caravan
30:37 Wheelbarrow
29:47 Town Watch
30:33 Bloodlines
29:58 Cavalier
31:14 Loom
31:47 Savar
33:57 Chain Barding Armor
34:13 Iron Casting
34:59 Gold Mining
35:56 Plate Barding Armor
35:38 Guilds
35:59 Coinage
38:28 Chemistry
38:19 Hand Cart
38:04 Town Patrol
40:57 Blast Furnace
44:16 Fletching
45:06 Gold Shaft Mining
45:03 Crop Rotation
46:37 Light Cavalry
63:57 Conscription
Connection lost

Rejoining the realm…

Still unreachable

The connection could not be restored.

Session expired

The server has moved on; the page needs a fresh start.